 Dungeon Crawl Stone Soup version 0.21-a0-632-g1e37ce5 (webtiles) character file.

74 Amnesiac the Sneak (level 4, 0/33 HPs)
             Began as a Demonspawn Assassin on Dec 28, 2017.
             Slain by a bullfrog skeleton (2 damage)
             ... on level 4 of the Dungeon.
             The game lasted 00:03:33 (2246 turns).

Amnesiac the Sneak (Demonspawn Assassin)            Turns: 2246, Time: 00:03:34

Health: 0/33       AC:  3    Str: 11    XL:     4   Next: 9%
Magic:  4/4        EV: 12    Int: 13    God:
Gold:   131        SH:  0    Dex: 15    Spells: 3/3 levels left

rFire    . . .     SeeInvis .   k - -2 short sword (curse)
rCold    . . .     Gourm    .   (no shield)
rNeg     . . .     Faith    .   c - +0 robe
rPois    .         Spirit   .   (no helmet)
rElec    .         Reflect  .   d - +0 cloak
rCorr    .         Harm     .   (no gloves)
MR       .....     Rnd*Tele +   (no boots)
Stlth    +++.......             (no amulet)
HPRegen  0.11/turn              j - ring of teleportation (curse)
MPRegen  0.09/turn              (no ring)

@: no status effects
A: claws 1, powered by pain 1
a: no special abilities


You were on level 4 of the Dungeon.
You were not hungry.

You visited 1 branch of the dungeon, and saw 4 of its levels.

You collected 131 gold pieces.

Inventory:

Hand Weapons
 a - a +2 dagger
 b - a +0 blowgun
 k - a cursed -2 short sword (weapon)
Missiles
 e - 8 poisoned needles
 f - 2 curare-tipped needles
 l - 18 stones (quivered)
Armour
 c - a +0 robe (worn)
 d - a +0 cloak (worn)
 m - a cursed +0 chain mail
Jewellery
 j - a cursed ring of teleportation (left claw)
Wands
 n - a wand of iceblast (5)
Scrolls
 q - a scroll of fog {!r}
Potions
 i - a potion of haste {!q}
 o - a potion of degeneration {!q, unknown}
 p - a potion of curing {!q}
Comestibles
 g - 6 rations


   Skills:
 - Level 2.0 Fighting
 - Level 2.0 Short Blades
 + Level 3.4 Throwing
 - Level 1.0 Dodging
 - Level 4.1 Stealth


You had 3 spell levels left.
You didn't know any spells.

Dungeon Overview and Level Annotations

Branches:
Dungeon (4/15)
 Temple: D:4-7

Altars:
Ashenzari
Gozag
Nemelex Xobeh


Innate Abilities, Weirdness & Mutations

You have sharp fingernails.
You sometimes gain a little power by taking damage.


Message History

You barely miss the bullfrog skeleton.
The bullfrog skeleton is lightly damaged.
The bullfrog skeleton barely misses you.
The bullfrog skeleton closely misses you.
You hit the bullfrog skeleton.
The bullfrog skeleton is moderately damaged.
The bullfrog skeleton hits you.
You barely miss the bullfrog skeleton.
The bullfrog skeleton is moderately damaged.
The bullfrog skeleton completely misses you.
You hit the bullfrog skeleton.
The bullfrog skeleton is moderately damaged.
The bullfrog skeleton barely misses you.
The bullfrog skeleton hits you.
You hit the bullfrog skeleton.
The bullfrog skeleton is heavily damaged.
The bullfrog skeleton misses you.
You hit the bullfrog skeleton.
The bullfrog skeleton is heavily damaged.
The bullfrog skeleton closely misses you.
You hit the bullfrog skeleton but do no damage.
The bullfrog skeleton is heavily damaged.
The bullfrog skeleton closely misses you.
You barely miss the bullfrog skeleton.
The bullfrog skeleton is heavily damaged.
The bullfrog skeleton closely misses you.
The bullfrog skeleton hits you.
You hit the bullfrog skeleton.
The bullfrog skeleton is heavily damaged.
The bullfrog skeleton barely misses you.
You hit the bullfrog skeleton.
The bullfrog skeleton is severely damaged.
The bullfrog skeleton closely misses you.
You barely miss the bullfrog skeleton.
The bullfrog skeleton is severely damaged.
The bullfrog skeleton hits you!
* * * LOW HITPOINT WARNING * * *
The bullfrog skeleton misses you.
You hit the bullfrog skeleton.
The bullfrog skeleton is severely damaged.
The bullfrog skeleton hits you.
* * * LOW HITPOINT WARNING * * *
You are too injured to fight recklessly!
You are too injured to fight recklessly!
You are too injured to fight recklessly!
You are too injured to fight recklessly!
You are too injured to fight recklessly!
You are too injured to fight recklessly!
You are too injured to fight recklessly!
You are too injured to fight recklessly!
You are too injured to fight recklessly!
You are too injured to fight recklessly!
You are too injured to fight recklessly!
You are too injured to fight recklessly!
You are too injured to fight recklessly!
You are too injured to fight recklessly!
You are too injured to fight recklessly!
You hit the bullfrog skeleton.
The bullfrog skeleton is severely damaged.
The bullfrog skeleton hits you.
* * * LOW HITPOINT WARNING * * *
Unknown command.
The bullfrog skeleton hits you.
You die...

#########
#.......######
#.#####.@....#
#[Z....#
#......#
####.###
#..⌠.....+
...Z..#....#
.....#####.#
..... ... ._..
.#+


You could see a bullfrog skeleton.

Vanquished Creatures
  A gnoll (D:1)
  A shadow imp (D:3)
  3 leopard geckos (D:1)
  4 bats
  3 giant cockroaches
  8 goblins
  4 hobgoblins
  9 jackals (D:3)
  2 kobolds
  A quokka (D:2)
  5 frilled lizards
  6 rats
47 creatures vanquished.

Notes
Turn   | Place    | Note
-------+----------+-------------------------------------------
     0 | D:1      | Amnesiac the Demonspawn Assassin began the quest for the Orb.
     0 | D:1      | Reached XP level 1. HP: 16/16 MP: 1/1
    18 | D:1      | Reached skill level 1 in Dodging
   117 | D:1      | Gained mutation: You have sharp fingernails. [demonic ancestry]
   117 | D:1      | Reached XP level 2. HP: 20/22 MP: 2/2
   390 | D:1      | Reached skill level 4 in Stealth
   390 | D:1      | Reached XP level 3. HP: 18/27 MP: 3/3
   933 | D:2      | Found an opulent altar of Gozag.
  1742 | D:3      | Gained mutation: You sometimes gain a little power by taking damage. [demonic ancestry]
  1742 | D:3      | Reached XP level 4. HP: 27/33 MP: 4/4
  1900 | D:3      | Found a sparkling altar of Nemelex Xobeh.
  2223 | D:4      | Found a shattered altar of Ashenzari.
  2246 | D:4      | Slain by a bullfrog skeleton

Vault maps used:
D:1:      shiori_arrival_oz, kennysheep_nondescript, minivault_26
D:2:      old_standard_altar, first_ration
D:3:      lemuel_doored_altar
D:4:      zin_purify, evilmike_ruin_ashenzari, temple_statues,
          portal_sewer_entry_c, enter_ossuary_3, st_stairs_9,
          kennysheep_generic_room_5

Skill      XL: |  1  2  3 |
---------------+----------+-----
Dodging        | 1 |  1.0
Short Blades   | 2 |  2.0
Throwing       | 2 3 |  3.4
Stealth        | 4 |  4.1
Fighting       | |  2.0

Action                   |  1- 3 |  4- 6 || total
-------------------------+-------+-------++-------
Melee: Dagger            |    39 |       ||    39
       Short sword       |    99 |    37 ||   136
 Fire: Blowgun           |     3 |       ||     3
  Use: Scroll            |     3 |     2 ||     5
 Stab: Sleeping          |    14 |     1 ||    15
  Eat: Chunk             |     2 |     2 ||     4
Armor: Robe              |    27 |     7 ||    34
Dodge: Dodged            |    94 |    28 ||   122

Table legend:
 A = Spawn XP
 B = Non-spawn XP
 C = Spawn XP percentage of total XP
 D = Spawn monster count
 E = Non-spawn monster count
 F = Spawn count percentage of total count
 G = Total turns spent on level
                    A         B        C        D         E        F      G
               +---------+---------+-------+---------+---------+-------+---------
         Total |       0 |     106 |   0.0 |       0 |      47 |   0.0 |  2246
               +---------+---------+-------+---------+---------+-------+---------
           D:1 |       0 |      51 |   0.0 |       0 |      20 |   0.0 |   788
           D:2 |       0 |      14 |   0.0 |       0 |       9 |   0.0 |   614
           D:3 |       0 |      41 |   0.0 |       0 |      18 |   0.0 |   816
               +---------+---------+-------+---------+---------+-------+---------
